 Dungeon Crawl Stone Soup version 0.25-a0-857-g60a0bcd (webtiles) character file.

Game seed: 2642580575480632296, levelgen mode: deterministic

2138 Illumine the Slasher (level 9, -2/67 HPs)
             Began as a Mummy Berserker on Apr 26, 2020.
             Was an Elder of Trog.
             Slain by an orc warrior
             ... wielding a +0 war axe
              (4 damage)
             ... on level 7 of the Dungeon.
             The game lasted 00:17:50 (8182 turns).

Illumine the Slasher (Mummy Berserker)              Turns: 8182, Time: 00:17:50

Health: -2/67      AC: 12    Str: 25    XL:     9   Next: 9%
Magic:  9/9        EV: 13    Int: 11    God:    Trog [****..]
Gold:   364        SH:  0    Dex: 12    Spells: 8/8 levels left

rFire    x . .     SeeInvis .   a - +7 pair of quick blades "Gyre" and "Gimble" {protect}
rCold    + . .     Gourm    .   (shield currently unavailable)
rNeg     + + +     Faith    .   m - +0 ring mail {MR+}
rPois    ∞         Spirit   .   (no helmet)
rElec    .         Reflect  .   (no cloak)
rCorr    .         Harm     .   (no gloves)
MR       ++...                  (no boots)
Stlth    ++........             (no amulet)
HPRegen  0.21/turn              y - ring of the Dolphin {rPois Str+2 Int+5 Stlth+}
MPRegen  0.11/turn              t - +1 ring of evasion

@: protection aura
A: no food or potions, fire vulnerability, cold resistance 1, negative energy
resistance 3, torment resistance, unbreathing
a: Trog's Hand, Brothers in Arms, Renounce Religion


You were on level 7 of the Dungeon.
You worshipped Trog.
Trog was greatly pleased with you.
You were not hungry.

You visited 1 branch of the dungeon, and saw 7 of its levels.

You collected 364 gold pieces.

Inventory:

Hand Weapons
 a - the +7 pair of quick blades "Gyre" and "Gimble" (weapon) {protect}
   (You found it on level 7 of the Dungeon)

   It grants its wielder temporary protection when it strikes (+7 to AC).
 b - a +0 hunting sling
 z - a +2 scimitar of electrocution
Missiles
 e - 196 stones
 g - 47 poisoned darts (quivered)
 h - 71 arrows
 o - 3 silver javelins
 x - 6 javelins
Armour
 m - a +0 ring mail of magic resistance (worn)
Jewellery
 i - an uncursed ring of ice
 k - an uncursed ring of resist corrosion
 t - a +1 ring of evasion (right hand)
 y - the ring of the Dolphin (left hand) {rPois Str+2 Int+5 Stlth+}
   (You found it on level 6 of the Dungeon)

   [ring of intelligence]

   It affects your strength (+2).
   It affects your intelligence (+5).
   It protects you from poison.
   It makes you more stealthy.
Wands
 q - a wand of random effects (13)
Scrolls
 c - a scroll of fog {unknown}
 d - 5 scrolls of remove curse
 f - 2 scrolls of identify
 j - 5 scrolls of blinking
 l - 4 scrolls of teleportation
 n - 3 scrolls of enchant armour
 p - 2 scrolls of fear
 r - a scroll of immolation
 s - 2 scrolls of random uselessness
 u - a scroll of holy word {unknown}
 w - a scroll of noise {unknown}


   Skills:
 + Level 4.8 Fighting
 + Level 0.1(4.7) Short Blades
 + Level 7.7 Long Blades
 + Level 3.9 Slings
 + Level 3.4 Armour
 + Level 3.5 Dodging


You had 8 spell levels left.
You didn't know any spells.
Your spell library was empty.

Dungeon Overview and Level Annotations

Branches:
Dungeon (7/15)             Temple (0/1) D:4

Altars:
Cheibriados
Dithmenos
Qazlal
Trog
Wu Jian

Shops:
D:4 ?!(


Innate Abilities, Weirdness & Mutations

You do not eat or drink.
Your flesh is vulnerable to fire.
You are immune to poison.
Your flesh is cold resistant. (rC+)
You are immune to negative energy. (rN+++)
You are immune to unholy pain and torment.
You can survive without breathing.


Message History

The orc warrior throws a boomerang.
The boomerang hits you!
* * * LOW HITPOINT WARNING * * *
The weapon returns to the orc warrior!
An orc wizard comes into view. It is wielding a +0 dagger.
The orc warrior throws a boomerang.
The boomerang closely misses you.
The weapon returns to the orc warrior!
Things that are here:
a +1 ring mail of cold resistance; an orc corpse The orc barely misses you.
The orc warrior hits you with a +0 war axe!
* * * LOW HITPOINT WARNING * * *
The orc hits you with a +0 dagger.
* * * LOW HITPOINT WARNING * * *
Unknown command.
You can't drink.
The orc wizard shouts!
You hit the orc warrior. You barely miss the orc warrior.
You closely miss the orc warrior. You barely miss the orc warrior.
The orc warrior hits you with a +0 war axe.
You die...

............... ...............
.....((...o.....
.....(.(........
...........<....
.....((o........ .....((oo.....[
# ......o@o......
.#.########.[..#.###.
.........#...(.......
.......#.#..##?#.############
#..........##.#.#...........
#####.#....##..............#
#.#....##...............
#......##....<..........
.##########....##...............


You could see an orc warrior, an orc priest, 2 orc wizards and 2 orcs.

Vanquished Creatures
  A hippogriff (D:5)
  Sigmund (D:2)
  Edmund (D:4)
  Duvessa (D:6)
  A sky beast (D:6)
  2 ogres
  A centaur (D:6)
  Blork the orc (D:6)
  2 bullfrogs
  A scorpion (D:4)
  Dowan (D:6)
  3 crimson imps
  A hound (D:4)
  4 orc priests
  A bullfrog skeleton (D:6)
  Terence (D:2)
  Jessica (D:3)
  Natasha (thrice) (D:2)
  8 orc wizards
  2 worker ants (D:4)
  A howler monkey skeleton (D:4)
  8 adders
  3 river rats (D:3)
  2 oozes
  An adder skeleton (D:4)
  2 worms
  4 dart slugs
  4 leopard geckos
  31 orcs
  6 ball pythons
  8 giant cockroaches
  4 goblins
  7 hobgoblins
  4 jackals
  6 kobolds
  5 quokkas
  12 bats
  4 frilled lizards
  2 jackal skeletons
  A leopard gecko skeleton (D:4)
  3 rats
155 creatures vanquished.

Vanquished Creatures (others)
  An orc wizard (D:4)
1 creature vanquished.

Grand Total: 156 creatures vanquished

Notes
Turn   | Place    | Note
-------+----------+-------------------------------------------
     0 | D:1      | Illumine the Mummy Berserker began the quest for the Orb.
     0 | D:1      | Reached XP level 1. HP: 18/18 MP: 1/1
   458 | D:1      | Reached skill level 3 in Long Blades
   458 | D:1      | Reached XP level 2. HP: 24/24 MP: 2/2
  1035 | D:1      | Reached XP level 3. HP: 28/29 MP: 3/3
  1227 | D:2      | Noticed Sigmund
  1257 | D:3      | Reached ** piety under Trog
  1385 | D:3      | Noticed Jessica
  1689 | D:3      | Reached skill level 4 in Long Blades
  1817 | D:2      | Noticed Terence
  1830 | D:2      | Killed Terence
  1830 | D:2      | Reached XP level 4. HP: 34/35 MP: 4/4
  2198 | D:2      | Noticed Natasha
  2211 | D:2      | Killed Natasha
  2306 | D:3      | Reached XP level 5. HP: 34/41 MP: 5/5
  2660 | D:3      | Killed Jessica
  2660 | D:3      | Reached skill level 5 in Long Blades
  2878 | D:4      | Found Vepnem Deid's Distillery.
  2903 | D:4      | Reached XP level 6. HP: 32/47 MP: 6/6
  3015 | D:4      | Reached *** piety under Trog
  3126 | D:4      | Reached skill level 6 in Long Blades
  3281 | D:4      | Found a staircase to the Ecumenical Temple.
  3327 | D:4      | Found a bloodstained altar of Trog.
  3392 | D:4      | Found Weaplir's Magic Scroll Emporium.
  3421 | D:4      | Found Buvvin's Antique Weapon Emporium.
  3601 | D:4      | Noticed Edmund
  3633 | D:5      | Entered Level 5 of the Dungeon
  3682 | D:5      | Reached skill level 1 in Slings
  3968 | D:5      | Reached XP level 7. HP: 52/52 MP: 7/7
  3996 | D:5      | Noticed a hippogriff
  4010 | D:5      | Killed a hippogriff
  4211 | D:5      | Reached skill level 7 in Long Blades
  4654 | D:5      | Found a stormy altar of Qazlal.
  4828 | D:5      | Found an ornate altar of the Wu Jian Council.
  5155 | D:6      | Noticed Duvessa
  5155 | D:6      | Noticed Dowan
  5224 | D:4      | Killed Edmund
  5224 | D:4      | Reached XP level 8. HP: 31/58 MP: 8/8
  5490 | D:2      | Killed Sigmund
  5788 | D:2      | Found a snail-covered altar of Cheibriados.
  6025 | D:2      | Reached **** piety under Trog
  6133 | D:2      | Noticed Natasha
  6137 | D:2      | Killed Natasha
  6141 | D:2      | Noticed Natasha
  6149 | D:2      | Killed Natasha
  6901 | D:6      | Got a fine platinum ring
  6917 | D:6      | Identified the ring of the Dolphin {rPois Str+2 Int+5
                  | Stlth+} (You found it on level 6 of the Dungeon)
  7039 | D:6      | Found a shadowy altar of Dithmenos.
  7177 | D:6      | Killed Dowan
  7207 | D:6      | Killed Duvessa
  7627 | D:6      | Noticed Blork the orc
  7640 | D:6      | Killed Blork the orc
  7640 | D:6      | Reached XP level 9. HP: 66/66 MP: 9/9
  8138 | D:7      | Found the +7 pair of quick blades "Gyre" and "Gimble"
                  | {protect}
  8180 | D:7      | HP: 2/67 [orc/+0 dagger (3)]
  8182 | D:7      | Slain by an orc warrior

Levels and vault maps discovered:
D:1:      eino_arrival_cavern_b, layout_loops_corners, minmay_shallow_snake_nest
D:2:      layout_basic, cheibriados_altar_1, uniq_natasha, uniq_terence,
          uniq_sigmund
D:3:      layout_loops_cross, portal_sewer_entry_c, first_ration,
          palyth_stone_intersect, glass_columns_a, uniq_jessica
D:4:      layout_rooms, bloody_trog, nicolae_overflow_hidden_temple,
          minmay_temple_entry_arrows, serial_shops, nicolae_shop_statue_plus,
          nicolae_shop_waterfront, shop_fountains, uniq_edmund
D:5:      layout_loops_corners, grunt_qazlal_sundering, kennysheep_mini_moat
D:6:      layout_basic, grunt_dithmenos_smoke_and_mirrors, uniq_duvessa,
          uniq_blork_the_orc
D:7:      layout_basic, lightli_ossuary_entry_decrepit_ruins, grunt_livestock,
          uniq_menkaure

Skill      XL: |  1  2  3  4  5  6  7  8 |
---------------+-------------------------+-----
Long Blades    | 3 4 5 6 7 |  7.7
Slings         | 1 2 3 |  3.9
Dodging        | 2 3 |  3.5
Armour         | 2 3 |  3.4
Fighting       | 4 |  4.8
Short Blades   | |  0.1

Action                   |  1- 3 |  4- 6 |  7- 9 || total
-------------------------+-------+-------+-------++-------
Melee: Falchion          |   114 |   199 |    65 ||   378
       Scimitar          |       |       |   185 ||   185
       Pair of quick bla |       |       |     3 ||     3
 Fire: Hunting sling     |    36 |    54 |    73 ||   163
Throw: Dart              |       |       |    12 ||    12
Invok: Trog's Hand       |     1 |     2 |       ||     3
  Use: Scroll            |     4 |       |     6 ||    10
Armor: Scale mail        |    65 |    87 |    79 ||   231
       Ring mail         |       |       |     3 ||     3
Dodge: Dodged            |    68 |   100 |   127 ||   295
       Rpst.: Falchion   |    22 |    28 |     6 ||    56
       Scimitar          |       |       |    22 ||    22

Table legend:
 A = Non-vault XP
 B = Vault XP
 C = Vault XP percentage of total XP
 D = Non-vault monster count
 E = Vault monster count
 F = Vault count percentage of total count
                 A         B        C        D         E       F
            +---------+---------+-------+---------+---------+-------
      Total |    2202 |     853 |  27.9 |     138 |      18 |  11.5
            +---------+---------+-------+---------+---------+-------
        D:1 |      36 |       8 |  18.2 |      16 |       4 |  20.0
        D:2 |     153 |     304 |  66.5 |      21 |       3 |  12.5
        D:3 |     130 |      83 |  39.0 |      31 |       7 |  18.4
        D:4 |     307 |     154 |  33.4 |      20 |       1 |   4.8
        D:5 |     750 |       0 |   0.0 |      27 |       0 |   0.0
        D:6 |     769 |     304 |  28.3 |      17 |       3 |  15.0
        D:7 |      57 |       0 |   0.0 |       6 |       0 |   0.0
            +---------+---------+-------+---------+---------+-------
